 Dungeon Crawl Stone Soup version 0.32-a0-25-g86f1af2 (webtiles) character file.

Game seed: 9943566217309929613

976 Dorkslayer the Ruffian (level 8, -13/50 HPs)
             Began as an Octopode Shapeshifter on Jan 18, 2024.
             Was an Initiate of Dithmenos.
             Killed from afar by a steam dragon (14 damage)
             ... with a ball of steam
             ... on level 6 of the Dungeon.
             The game lasted 00:11:55 (5099 turns).

Dorkslayer the Ruffian (Octopode Shapeshifter)      Turns: 5099, Time: 00:11:57

Health: -13/50     AC:  1    Str: 15    XL:     8   Next: 16%
Magic:  8/8        EV: 11    Int: 13    God:    Dithmenos [......]
Gold:   113        SH:  7    Dex: 11    Spells: 7/7 levels left

rFire   . .          .
                       - Unarmed
rCold   . . .        y - +0 kite shield
rNeg    . . .        (helmet currently unavailable)
rPois   .            (no amulet)
rElec   .            (no ring)
rCorr   .            (no ring)
SInv    .            (no ring)
Will    .....        (no ring)
Stlth   ++++         (no ring)
HPRegen 0.28/turn    (no ring)
MPRegen 0.11/turn    (no ring)
                     (no ring)

%: no passive effects
@: beast-form
A: beast (slay +2), almost no armour, amphibious, 8 rings, camouflage 1,
gelatinous body 1, (nimble swimmer 1), tentacles
a: Begin Untransformation, Renounce Religion


You were on level 6 of the Dungeon.
You worshipped Dithmenos.
Dithmenos was noncommittal.
You were a hulking beast.
You visited 2 branches of the dungeon, and saw 7 of its levels.

You collected 460 gold pieces.
You spent 347 gold pieces at shops.

Inventory:

Hand Weapons
 l - a +0 hand axe
Missiles
 r - a boomerang (quivered)
Armour
 y - a +0 kite shield (worn)
Talismans
 b - a beast talisman
 c - a flux talisman
Wands
 w - a wand of roots (10)
Scrolls
 a - a scroll of brand weapon
 f - 3 scrolls of noise {unknown}
 g - 2 scrolls of enchant weapon {unknown}
 i - a scroll of fog {unknown}
 j - a scroll of revelation
 k - a scroll of silence {unknown}
 p - 2 scrolls of teleportation
 q - 2 scrolls of immolation {unknown}
 s - 2 scrolls of amnesia
 z - a scroll of enchant armour {unknown}
Potions
 d - a potion of brilliance
 e - 4 potions of curing
 h - 2 potions of might
 m - a potion of ambrosia
 n - 2 potions of berserk rage
 o - 2 potions of heal wounds
 t - a potion of mutation {unknown}
 u - a potion of magic
 x - a potion of invisibility {unknown}


   Skills:
 * Level 2.2 Fighting
 + Level 0.2 Throwing
 * Level 2.8 Dodging
 + Level 6.0 Stealth
 + Level 7.5 Unarmed Combat
 * Level 3.9 Shapeshifting


You had 7 spell levels left.
You didn't know any spells.
Your spell library contained the following spells:

 Spells                   Type           Power      Damage    Failure   Level
 Apportation              Tloc           0%         N/A       75%         1
 Jinxbite                 Hex            0%         N/A       86%         2
 Hailstorm                Conj/Ice       0%         3d5       98%         3
 Summon Ice Beast         Ice/Summ       0%         N/A       98%         3
 Alistair's Intoxication  Alch           0%         N/A       100%        5
 Sculpt Simulacrum        Ice/Alch       0%         N/A       100%        6


Dungeon Overview and Level Annotations

Branches:
Dungeon (6/15)             Temple (1/1) D:5

Altars:
Ashenzari
Cheibriados
Dithmenos
Elyvilon
Fedhas
Gozag
Hepliaklqana
Makhleb
Nemelex Xobeh
Okawaru
Qazlal
Ru
Sif Muna
Trog
Uskayaw
Vehumet
Wu Jian
Xom
Yredelemnul
Zin
The Shining One

Shops:
D:4 ?(:   D:6 [


Innate Abilities, Weirdness & Mutations

You are a hulking beast.
Your limbs bulge with bestial killing power. (Slay +2)
You cannot wear most types of armour.
You are amphibious.
You can wear up to eight rings at the same time.
Your skin changes colour to match your surroundings (Stealth+).
Your rubbery body absorbs attacks. (AC +1, EV +1)
((You are camouflaged when in or above water. (Stealth+)))
You have tentacles for arms and can constrict up to eight enemies at once.


Message History

You constrict the scorpion, but do no damage.
The scorpion stings you. The scorpion barely misses you.
You tentacle-slap the scorpion.
The scorpion is severely wounded.
You constrict the scorpion, but do no damage.
You block the scorpion's attack.
You bludgeon the scorpion!
You kill the scorpion!
Dithmenos accepts your kill.
The steam dragon hisses angrily.
You see here a scorpion corpse.
Things that are here:
a +1 falchion of freezing; a +0 leather armour You bludgeon the steam dragon!
The steam dragon is moderately wounded.
You block the steam dragon's attack.
The steam dragon claws you but does no damage.
You barely miss the steam dragon.
The steam dragon is moderately wounded.
The steam dragon breathes steam at you. The ball of steam hits you!!
You hear a loud, deep croak!
You bludgeon the steam dragon!
The steam dragon is heavily wounded.
You are engulfed in a cloud of scalding steam.
* * * LOW HITPOINT WARNING * * *
You hear a shout!
The steam dragon closely misses you. x2
You tentacle-slap the steam dragon. Your squeeze misses the steam dragon.
The steam dragon is heavily wounded.
You are engulfed in a cloud of scalding steam.
* * * LOW HITPOINT WARNING * * *
You block the steam dragon's attack. The steam dragon barely misses you.
You barely miss the steam dragon. You squeeze the steam dragon!
The steam dragon is almost dead.
You are engulfed in a cloud of scalding steam.
* * * LOW HITPOINT WARNING * * *
The steam dragon breathes steam at you. The ball of steam hits you!
You die...

#. # ... # ######.# # ####
##......# ...o ##..._...#
## #..⌠.... #..§.########
######### #.§D###.....##
........# #.§h§#..._...##
#######.# #.)♣...⌠...♣..#
#.# ## ##..._...#....# #.#
.. ##.....###._.# #.# .
########....# #.# #.
#........⌠..# #.#
#.##.##..._...## #######.#
#....##).....##
...∩....#######.##########


You could see a steam dragon (catching breath).

Vanquished Creatures
  A black bear (D:6)
  An ogre (D:5)
  A phantom (D:4)
  3 scorpions
  A howler monkey (D:5)
  4 hounds
  A sleepcap (D:5)
  A jelly (D:6)
  An iguana (D:5)
  Terence (D:3)
  2 orc wizards (D:6)
  Natasha (thrice) (D:3)
  5 adders
  2 ufetubi (D:5)
  6 dart slugs
  7 orcs
  7 bats
  7 endoplasms
  5 giant cockroaches
  8 goblins
  7 hobgoblins
  4 jackals (D:4)
  9 kobolds
  3 quokkas
  11 ball pythons
  3 frilled lizards
  5 rats
109 creatures vanquished.

Notes
Turn   | Place    | Note
-------+----------+-------------------------------------------
     0 | D:1      | Dorkslayer the Octopode Shapeshifter began the quest for
                  | the Orb.
     0 | D:1      | Reached XP level 1. HP: 13/13 MP: 1/1
   326 | D:1      | Reached XP level 2. HP: 13/18 MP: 2/2
   683 | D:1      | Reached XP level 3. HP: 23/23 MP: 3/3
   715 | D:2      | Reached skill level 1 in Stealth
   722 | D:2      | Reached skill level 4 in Unarmed Combat
   967 | D:2      | Reached XP level 4. HP: 26/28 MP: 4/4
  1089 | D:2      | You fall into a shaft and drop 1 floor!
  1172 | D:3      | Noticed Natasha
  1178 | D:3      | Killed Natasha
  1261 | D:3      | Noticed Natasha
  1266 | D:3      | Killed Natasha
  1267 | D:3      | Reached XP level 5. HP: 15/33 MP: 5/5
  1449 | D:3      | Noticed Terence
  1457 | D:3      | Killed Terence
  1766 | D:3      | Noticed Natasha
  1779 | D:3      | Killed Natasha
  1780 | D:3      | Reached skill level 5 in Unarmed Combat
  2129 | D:4      | Reached XP level 6. HP: 30/38 MP: 6/6
  2594 | D:4      | Found a transporter.
  2595 | D:4      | Found Eguxyga's Book Shoppe.
  2915 | D:4      | Found Xonnul's Weapon Shoppe.
  2955 | D:4      | Found Jaique's Magic Scroll Boutique.
  2960 | D:4      | Bought a scroll of brand weapon for 133 gold pieces
  2960 | D:4      | Bought a scroll of revelation for 105 gold pieces
  3026 | D:4      | Found a sparkling altar of Nemelex Xobeh.
  3285 | D:4      | Found a transporter.
  3563 | D:4      | Reached skill level 6 in Unarmed Combat
  3563 | D:4      | Reached XP level 7. HP: 25/43 MP: 7/7
  3786 | D:4      | Bought a scroll of teleportation for 42 gold pieces
  3805 | D:5      | Entered Level 5 of the Dungeon
  3898 | D:5      | Found a staircase to the Ecumenical Temple.
  3907 | Temple   | Entered the Ecumenical Temple
  3951 | Temple   | Became a worshipper of Dithmenos the Shadowed
  4050 | D:5      | Reached skill level 5 in Stealth
  4317 | D:5      | Reached skill level 7 in Unarmed Combat
  4728 | D:6      | Reached XP level 8. HP: 38/49 MP: 8/8
  4974 | D:6      | Found Biossaykh's Armour Boutique.
  4981 | D:6      | Bought a +0 kite shield for 67 gold pieces
  5055 | D:6      | Found a basalt altar of Yredelemnul.
  5061 | D:6      | Found a glowing golden altar of the Shining One.
  5068 | D:6      | Found a snail-covered altar of Cheibriados.
  5074 | D:6      | Found a stormy altar of Qazlal.
  5078 | D:6      | Found a glowing silver altar of Zin.
  5082 | D:6      | Found a shimmering altar of Xom.
  5099 | D:6      | HP: 1/50 [steam dragon] (9)]
  5099 | D:6      | Killed from afar by a steam dragon

Illustrated notes

Levels and vault maps discovered:
D:1:      minmay_arrival_widening_spiral_wide, layout_basic,
          serial_corexii_hall, corexii_hall_statues_deadend,
          corexii_hall_statues_i
D:2:      layout_loops_cross
D:3:      layout_basic, uniq_terence, uniq_natasha
D:4:      layout_loops_ring, nemelex_spade_bored_becter,
          serial_co_window_serial, co_window_of_opportunity_a,
          co_window_paths_b, co_window_corner_a, co_window_corner_a,
          co_window_corner_a, co_window_paths_a, co_window_corner_a,
          co_window_unsneaky_path_d, co_window_of_opportunity_b,
          co_window_corner_ca, co_window_of_opportunity_b, co_window_corner_cb,
          co_window_corner_b, co_window_corner_ca, glass_columns_c,
          glass_columns_a, glass_columns_a, glass_columns_b, glass_columns_b,
          serial_shops, shop, nicolae_shop_hallway_plus, nicolae_shop_drivethru
D:5:      layout_loops_ring, lemuel_temple_firewalk_b, grunt_decor_clamped
D:6:      layout_loops_ring, lemuel_doored_altar,
          nicolae_overflow_hallway_of_the_gods, serial_shops, shop,
          moated_statue
Temple:   jpeg_temple_clearing

Skill      XL: |  1  2  3  4  5  6  7  8 |
---------------+-------------------------+-----
Stealth        | 1 2 3 4 5 6 |  6.0
Unarmed Combat | 4 5 6 7 |  7.5
Fighting       | 2 |  2.2
Throwing       | |  0.2
Dodging        | |  2.8
Shapeshifting  | |  3.9

Action                     |  1- 3 |  4- 6 |  7- 9 || total
---------------------------+-------+-------+-------++-------
  Melee: Unarmed           |    53 |   104 |    50 ||   207
         Constrict         |    13 |    21 |    16 ||    50
         Tentacles         |     8 |    20 |    11 ||    39
         Punch             |     1 |     1 |     2 ||     4
  Throw: Boomerang         |       |       |     2 ||     2
    Use: Scroll            |       |     5 |     4 ||     9
   Stab: Sleeping          |     7 |    16 |     7 ||    30
 Armour: Skin              |    16 |    46 |    17 ||    79
  Dodge: Dodged            |    29 |    63 |    25 ||   117
  Block: Kite shield       |       |       |     3 ||     3

Table legend: (Time is in decaauts)
 A = Elapsed time spent in this place.
 B = Non-inter-level travel time spent in this place.
 C = Inter-level travel time spent in this place.
 D = Time resting spent in this place.
 E = Time spent auto-exploring this place.
 F = Levels seen in this place.
 G = Mean time per level.
                   A        B        C        D        E       F      G
               +--------+--------+--------+--------+--------+-----+--------+
         Total |   5089 |   5089 |      0 |      0 |   2962 |   7 |  727.0 |
       Dungeon |   5016 |   5016 |      0 |      0 |   2962 |   6 |  836.0 |
        Temple |     72 |     72 |      0 |      0 |      0 |   1 |   72.0 |
               +--------+--------+--------+--------+--------+-----+--------+

Top non-repeatable levels by time:
     D:4: 1296 daAuts
     D:3: 1113 daAuts
     D:5: 765 daAuts
     D:1: 707 daAuts
     D:2: 681 daAuts
     D:6: 452 daAuts
  Temple: 72 daAuts
